 Dungeon Crawl Stone Soup version 0.23-a0-449-g8e4cbf7 (webtiles) character file.

50 Amnesiac the Digger (level 3, 24/24 HPs)
             Began as a Demonspawn Earth Elementalist on Nov 22, 2018.
             Quit the game on level 2 of the Dungeon.
             The game lasted 00:01:33 (1394 turns).

Amnesiac the Digger (Demonspawn Earth Elementalist) Turns: 1394, Time: 00:01:33

Health: 24/24      AC:  4    Str:  8    XL:     3   Next: 55%
Magic:  6/6        EV: 12    Int: 17    God:
Gold:   99         SH:  0    Dex: 13    Spells: 4/7 levels left

rFire    . . .     SeeInvis .   e - +1 mace (protect)
rCold    . . .     Gourm    .   (no shield)
rNeg     . . .     Faith    .   c - +0 robe
rPois    .         Spirit   .   (no helmet)
rElec    .         Reflect  .   (no cloak)
rCorr    .         Harm     .   (no gloves)
MR       .....                  (no boots)
Stlth    ++........             (no amulet)
HPRegen  0.08/turn              (no ring)
MPRegen  0.10/turn              (no ring)

@: no status effects
A: talons 1, iridescent scales 1
a: no special abilities


You were on level 2 of the Dungeon.
You were not hungry.

You visited 1 branch of the dungeon, and saw 2 of its levels.

You collected 99 gold pieces.

Inventory:

Hand Weapons
 e - a +1 mace of protection (weapon)
Missiles
 b - 30 stones (quivered)
Armour
 c - a +0 robe (worn)
Scrolls
 f - a scroll of identify {!r, unknown}
 g - a scroll of noise {!r, unknown}
 h - a scroll of enchant armour {!r, unknown}
 i - a scroll of magic mapping {!r, unknown}
 k - a scroll of fog {!r, unknown}
 l - a scroll of fear {!r, unknown}
 m - a scroll of immolation {!r, unknown}
 n - a scroll of random uselessness {!r, unknown}
 p - a scroll of teleportation {!r, unknown}
Potions
 a - 3 potions of degeneration {!q, unknown}
 j - a potion of flight {!q, unknown}
Comestibles
 d - 5 rations
 o - 2 chunks of flesh


   Skills:
 - Level 1.7 Dodging
 - Level 1.7 Stealth
 + Level 2.6 Spellcasting
 - Level 0.8 Transmutations
 * Level 3.8 Earth Magic


You had 4 spell levels left.
You knew the following spells:

 Your Spells              Type           Power        Failure   Level  Hunger
a - Sandblast             Erth           ###...       3%          1    #......
b - Passwall              Tmut/Erth      ##......     11%         2    ##.....

Your spell library contained the following spells:

 Spells                   Type           Power        Failure   Level  Hunger
 Stone Arrow              Conj/Erth      #.....       26%         3    ###....
 Petrify                  Tmut/Erth      ##......     56%         4    #####..
 Lee's Rapid Deconstruct  Erth           ###.......   71%         5    ######.


Dungeon Overview and Level Annotations

Branches:
Dungeon (2/15)

Altars:


Innate Abilities, Weirdness & Mutations

You have sharp toenails.
You are partially covered in iridescent scales. (AC +2)


Message History

No target in view!
No target in view!
You feel sick.
o - a chunk of flesh You see here a bat skeleton.
You feel sick.
You are no longer poisoned.
Things that are here:
a rat corpse x2
You start resting.
HP restored.
You butcher the rat corpse.
o - 2 chunks of flesh (gained 1)
Things that are here:
a rat skeleton; a rat corpse You start resting.
Eating one of 2 chunks of flesh.
You eat one of the 2 chunks of flesh.
This raw flesh tastes terrible.
All of the chunks of flesh in your inventory have rotted away.
HP restored.
Memorise Passwall, consuming 2 spell levels and leaving 4?
You start memorising the spell.
You continue memorising. x2
You finish memorising.
Spell assigned to 'b'.
A worm comes into view.
A worm is nearby!
A worm is nearby!
The worm closely misses you.
You hit the worm.
Your weapon exudes an aura of protection.
You claw the worm.
The worm is lightly wounded.
You barely miss the worm.
The worm is lightly wounded.
The worm bites you but does no damage.
You hit the worm.
The worm is moderately wounded.
The worm bites you.
You hit the worm. You claw the worm, but do no damage.
The worm is moderately wounded.
The worm bites you but does no damage.
You hit the worm.
The worm is heavily wounded.
The worm barely misses you.
You hit the worm.
The worm is heavily wounded.
The worm bites you but does no damage.
You hit the worm.
The worm is severely wounded.
You thump the worm!
You kill the worm!
No target in view!
No target in view!
You see here a worm corpse.
You butcher the worm corpse.
o - 2 chunks of flesh
Found a stone staircase leading down.
p - a scroll labeled ETAID RECKEPH {!r} You now have 99 gold pieces (gained 16).
Found a stone staircase leading up.
There is a stone staircase leading up here.
A hobgoblin comes into view. It is wielding a +0 club.
The hobgoblin shouts!
You hear an angry hiss.
Found 2 scrolls labeled OCHOEM PADYU and a ration.
Are you sure you want to abandon this character and quit the game? (Confirm

.....#.#..# #......##
. ...#.#.## #....#..#
. .#.#.## #.##....#
.g ..... #.....###
... #.#.# ####..#
.... #.#.# ##.##
...%. #...########..#
.?....#.........<..##
#.@############
#...## .....## ...$
... ##


You could see a hobgoblin.

Vanquished Creatures
  An adder (D:2)
  A worm (D:2)
  2 dart slugs (D:2)
  A leopard gecko (D:2)
  A ball python (D:1)
  4 bats
  3 goblins (D:1)
  7 hobgoblins (D:1)
  A frilled lizard (D:2)
  5 kobolds
  8 rats
34 creatures vanquished.

Notes
Turn   | Place    | Note
-------+----------+-------------------------------------------
     0 | D:1      | Amnesiac the Demonspawn Earth Elementalist began the quest
                  | for the Orb.
     0 | D:1      | Reached XP level 1. HP: 13/13 MP: 3/3
   136 | D:1      | Reached skill level 3 in Earth Magic
   145 | D:1      | Gained mutation: You are partially covered in iridescent
                  | scales. (AC +2) [demonic ancestry]
   145 | D:1      | Reached XP level 2. HP: 17/19 MP: 5/5
  1086 | D:2      | Gained mutation: You have sharp toenails. [demonic
                  | ancestry]
  1086 | D:2      | Reached XP level 3. HP: 19/24 MP: 6/6
  1319 | D:2      | Learned a level 2 spell: Passwall
  1394 | D:2      | Quit the game

Vault maps used:
D:1:      minmay_arrival_shoal_huts, columned_hall_lemuel, minmay_tiny_reverse_x
D:2:      uniq_crazy_yiuf_cottage

Skill      XL: |  1 |
---------------+----+-----
Earth Magic    | 3 |  3.8
Dodging        | |  1.7
Stealth        | |  1.7
Spellcasting   | |  2.6
Transmutations | |  0.8

Action                   || total
-------------------------++-------
Melee: Mace              ||   114
       Club              ||     3
       Kick              ||     4
 Cast: Sandblast         ||     1
 Stab: Sleeping          ||     5
  Eat: Chunk             ||     2
Armor: Robe              ||    64
Dodge: Dodged            ||   121

Table legend:
 A = Non-vault XP
 B = Vault XP
 C = Vault XP percentage of total XP
 D = Non-vault monster count
 E = Vault monster count
 F = Vault count percentage of total count
                 A         B        C        D         E       F
            +---------+---------+-------+---------+---------+-------
      Total |      68 |       4 |   5.6 |      32 |       2 |   5.9
            +---------+---------+-------+---------+---------+-------
        D:1 |      30 |       4 |  11.8 |      20 |       2 |   9.1
        D:2 |      38 |       0 |   0.0 |      12 |       0 |   0.0
            +---------+---------+-------+---------+---------+-------
